 Dungeon Crawl Stone Soup version 0.29.1-2-gbd0b4ee654 (webtiles) character file.

Game seed: 18184700031041222036

61355 STUDYBIBLE the Tortoise (level 15, -5/129 HPs)
             Began as a Formicid Fighter on Nov 23, 2022.
             Was an Initiate of Gozag.
             Slain by Rupert
             ... wielding a +1 great mace of holy wrath
              (38 damage)
             ... on level 5 of the Lair of Beasts.
             The game lasted 00:37:37 (25747 turns).

STUDYBIBLE the Tortoise (Formicid Fighter)         Turns: 25747, Time: 00:37:38

Health: -5/129     AC: 30    Str: 28    XL:     15   Next: 41%
Magic:  15/15      EV: 11    Int:  8    God:    Gozag
Gold:   3699       SH:  5    Dex: 13    Spells: 14/14 levels left

rFire   . . .      SeeInvis +   H - +4 morningstar (vorpal)
rCold   + . .      Faith    .   c - +0 buckler
rNeg    . . .      Spirit   .   L - +4 plate armour {rC+}
rPois   +          Reflect  .   (helmet unavailable)
rElec   .          Harm     .   i - +0 cloak
rCorr   .          Rampage  .   d - +0 pair of gloves
Will    +....                   a - +1 pair of boots
Stlth   ..........              (no amulet)
HPRegen 0.31/turn               B - ring "Xuushrone" {rPois SInv}
MPRegen 0.14/turn               G - +4 ring of protection

@: gold aura, studying Translocations
A: permanent stasis, dig shafts and tunnels, antennae 3, four strong arms
a: Dig, Shaft Self, Renounce Religion, Potion Petition, Call Merchant, Bribe
Branch


You were on level 5 of the Lair of Beasts.
You worshipped Gozag.
Gozag was most pleased with you.
You visited 3 branches of the dungeon, and saw 18 of its levels.

You collected 4945 gold pieces.
You spent 1160 gold pieces at shops.
You paid 86 gold pieces to Gozag.

Inventory:

Hand Weapons
 D - a +0 giant spiked club
 H - a +4 vorpal morningstar (weapon)
Missiles
 h - 5 throwing nets
Armour
 a - a +1 pair of boots (worn)
 c - a +0 buckler (worn)
 d - a +0 pair of gloves (worn)
 i - a +0 cloak (worn)
 L - a +4 plate armour of cold resistance (worn)
Jewellery
 b - a ring of wizardry
 w - a +6 ring of strength
 x - a ring of flight
 B - the ring "Xuushrone" (left hand) {rPois SInv}
   (You found it on level 10 of the Dungeon)

   [ring of see invisible]

   rPois:     It protects you from poison.
   SInv:      It lets you see invisible.
 G - a +4 ring of protection (right hand)
 S - a ring of magical power
Wands
 f - a wand of flame (26)
 u - a wand of mindburst (19)
 y - a wand of quicksilver (8)
 I - a wand of iceblast (12)
 Q - a wand of digging (3)
Scrolls
 e - 2 scrolls of butterflies
 g - 5 scrolls of vulnerability
 k - 7 scrolls of immolation
 p - 5 scrolls of magic mapping
 r - a scroll of torment
 t - a scroll of summoning
 E - 5 scrolls of fear
 K - 2 scrolls of enchant weapon
 R - a scroll of amnesia
 T - a scroll of brand weapon
 U - a scroll of identify
Potions
 j - 4 potions of mutation
 l - 3 potions of attraction {unknown}
 m - 6 potions of ambrosia
 n - 4 potions of lignification
 o - 2 potions of degeneration {unknown}
 q - 6 potions of haste
 s - 7 potions of curing
 v - 3 potions of resistance
 z - 3 potions of flight
 A - 4 potions of heal wounds
 C - a potion of experience {unknown}
 F - a potion of magic {unknown}
 M - a potion of might
 N - 2 potions of brilliance
 O - a potion of cancellation {unknown}
 P - a potion of berserk rage {unknown}
Miscellaneous
 J - a condenser vane


   Skills:
 * Level 15.0 Fighting
 * Level 13.6 Maces & Flails
 * Level 15.0 Armour
 + Level 7.4 Dodging
 - Level 4.0 Shields
 + Level 10.1 Evocations


You had 14 spell levels left.
You didn't know any spells.
Your spell library contained the following spells:

 Spells                   Type           Power      Damage    Failure   Level
 Apportation              Tloc           0%         N/A       97%         1
 Necrotise                Necr           0%         1d4       97%         1
 Sandblast                Erth           0%         2d4       97%         1
 Slow                     Hex            0%         N/A       97%         1
 Summon Small Mammal      Summ           0%         N/A       97%         1
 Ensorcelled Hibernation  Hex/Ice        0%         N/A       99%         2
 Passwall                 Tmut/Erth      0%         N/A       99%         2
 Confusing Touch          Hex            0%         N/A       100%        3
 Inner Flame              Hex/Fire       0%         N/A       100%        3
 Stone Arrow              Conj/Erth      0%         3d7       100%        3
 Summon Guardian Golem    Hex/Summ       0%         N/A       100%        3
 Vampiric Draining        Necr           0%         2d6       100%        3
 Cause Fear               Hex            0%         N/A       100%        4
 Freezing Cloud           Conj/Ice/Air   0%         6-21      100%        5
 Manifold Assault         Tloc           0%         N/A       100%        5
 Orb of Destruction       Conj           0%         9d5       100%        7
 Spellforged Servitor     Conj/Summ      0%         N/A       100%        7
 Storm Form               Tmut/Air       0%         N/A       100%        7
 Discord                  Hex            0%         N/A       100%        8
 Polar Vortex             Ice            0%         N/A       100%        9
 Blink                    Tloc           Unusable   N/A       N/A         2
 Swiftness                Air            Unusable   N/A       N/A         3
 Simulacrum               Ice/Necr       Unusable   N/A       N/A         6

Dungeon Overview and Level Annotations

Branches:
Dungeon (12/15)            Temple (1/1) D:5            Lair (5/5) D:10
  Swamp (0/4) Lair:3       Spider (0/4) Lair:2        Slime (0/5) Lair:4
    Orc (0/2) D:11

Altars:
Ashenzari
Cheibriados
Dithmenos
Elyvilon
Fedhas
Gozag
Hepliaklqana
Kikubaaqudgha
Makhleb
Nemelex Xobeh
Okawaru
Qazlal
Ru
Sif Muna
Trog
Uskayaw
Vehumet
Wu Jian
Xom
Yredelemnul
Zin
The Shining One
Jiyva

Shops:
D:2 [   D:11 !

Annotations:
D:11 1 transporter
Lair:5 Rupert


Innate Abilities, Weirdness & Mutations

You cannot be hasted, slowed, berserked, paralysed or teleported.
You can dig through walls and to a lower floor.
You have a pair of large antennae on your head. (SInv)
Your four strong arms can wield two-handed weapons with a shield.


Message History

Aim: Rupert, wielding a +1 great mace of holy wrath and wearing a +0 chain mail of cold resistance (heavily wounded, 82% to hit)
The bolt of dispelling energy misses Rupert.
You hit Rupert.
Rupert is heavily wounded.
You impale Rupert!!
Rupert is severely wounded.
Rupert roars madly and goes into a rage!
Rupert goes berserk!
You hit Rupert.
Rupert is severely wounded.
Rupert hits you with a +1 great mace of holy wrath.
Rupert hits you with a +1 great mace of holy wrath!!
You thump Rupert!
Rupert is severely wounded.
You block Rupert's attack.
Okay, then.
You hit Rupert but do no damage.
Rupert is severely wounded.
Rupert hits you with a +1 great mace of holy wrath!!
Aiming: Quicksilver Bolt
Press: ? - help, Shift-Dir - straight line, f/p - Rupert
Aim: Rupert, wielding a +1 great mace of holy wrath and wearing a +0 chain mail of cold resistance (severely wounded, berserk, 82% to hit)
The bolt of dispelling energy hits Rupert!!
Rupert is almost dead.
Rupert hits you with a +1 great mace of holy wrath!
* * * LOW HITPOINT WARNING * * *
Rupert hits you but does no damage.
Aiming: Quicksilver Bolt
Press: ? - help, Shift-Dir - straight line, f/p - Rupert
Aim: Rupert, wielding a +1 great mace of holy wrath and wearing a +0 chain mail of cold resistance (almost dead, berserk, 82% to hit)
The bolt of dispelling energy hits Rupert!!
Rupert is almost dead.
Rupert hits you with a +1 great mace of holy wrath!
* * * LOW HITPOINT WARNING * * *
Okay, then.
Okay, then.
You feel much better.
Rupert hits you with a +1 great mace of holy wrath!!!
You die...
Your body crumbles into a pile of gold.

.< ... $ .P .... P.. ....#
###..# .....######PP..##
................#
......@.........#
.......@........#
...........(....#
#..............# ##.##
#...#..##..#.#.# ##..P
.....## #..##..### ..#....
.....# #.P+##....#
.......[ .....##....
#...##
..#.....##..........##...#
.# #.#.#.#...##.....#...P#


You could see Rupert (berserk).

Vanquished Creatures
  Gastronok (Lair:1)
  A dire elephant (Lair:2)
  3 boulder beetles
  4 hydras
  The ghost of xian the Slicer, a journeyman DsWn of Okawaru (D:10)
  A catoblepas (Lair:4)
  2 two-headed ogres
  4 death yaks (Lair:5)
  A tengu warrior (D:12)
  2 lindwurms
  2 cyclopes (D:12)
  24 elephants
  5 ugly things
  Maurice (D:8)
  An oklob plant (Lair:4)
  4 black mambas
  2 gargoyles (D:12)
  Joseph (D:8)
  An unseen horror (D:11)
  Psyche (D:8)
  13 cane toads
  A kobold demonologist (D:12)
  4 rime drakes
  10 komodo dragons
  A polar bear (Lair:1)
  4 burning bushes (Lair:3)
  A meliai (Lair:2)
  3 hornets
  3 trolls
  A queen bee (D:9)
  10 slime creatures (D:12)
  7 dream sheep (Lair:4)
  19 blink frogs
  A centaur simulacrum (D:10)
  A spriggan (Lair:2)
  3 shadows
  3 wyverns
  A vampire (D:12)
  3 wraiths
  43 yaks
  5 basilisks
  Grum (D:11)
  4 vampire mosquitoes (D:11)
  A steam dragon (D:7)
  Edmund (D:4)
  An acid dragon (D:9)
  16 water moccasins
  Duvessa (D:6)
  A swamp drake (Lair:3)
  2 orc warriors
  A sky beast (D:6)
  5 black bears
  14 wolves
  3 ogres
  4 centaurs
  A kobold brigand (D:11)
  11 bullfrogs
  3 gnoll sergeants
  A necrophage (D:6)
  2 scorpions
  20 wights
  Dowan (D:6)
  21 killer bees
  7 howler monkeys
  3 jellies
  4 hounds
  3 orc priests
  2 gnoll boudas
  4 iguanas
  12 orc wizards
  6 hell rats (Lair:5)
  21 gnolls
  8 adders
  6 shadow imps
  2 white imps
  A worm (D:4)
  4 dart slugs
  34 orcs
  3 ball pythons
  4 bats
  6 endoplasms
  4 giant cockroaches
  8 hobgoblins
  2 jackals (D:3)
  10 kobolds
  3 quokkas
  3 frilled lizards
  8 goblins
  12 rats
494 creatures vanquished.

Vanquished Creatures (others)
  95 fungi
  85 plants
180 creatures vanquished.

Grand Total: 674 creatures vanquished

Notes
Turn   | Place    | Note
-------+----------+-------------------------------------------
     0 | D:1      | STUDYBIBLE the Formicid Fighter began the quest for the
                  | Orb.
     0 | D:1      | Reached XP level 1. HP: 18/18 MP: 1/1
   183 | D:1      | Reached XP level 2. HP: 22/24 MP: 2/2
   420 | D:1      | Reached XP level 3. HP: 30/30 MP: 3/3
  1082 | D:2      | Found a faded altar of an unknown god.
  1086 | D:2      | Found Peudenunt's Antique Armour Boutique.
  1656 | D:3      | Reached XP level 4. HP: 33/37 MP: 4/4
  2111 | D:3      | Reached XP level 5. HP: 13/43 MP: 5/5
  2724 | D:4      | Noticed Edmund
  2734 | D:4      | Killed Edmund
  2735 | D:4      | Reached skill level 5 in Fighting
  2735 | D:4      | Reached skill level 5 in Armour
  2735 | D:4      | Reached skill level 1 in Evocations
  2735 | D:4      | Reached XP level 6. HP: 30/51 MP: 6/6
  2941 | D:4      | Reached XP level 7. HP: 38/56 MP: 7/7
  3567 | D:4      | Found a radiant altar of Vehumet.
  3741 | D:5      | Entered Level 5 of the Dungeon
  3744 | D:5      | Reached XP level 8. HP: 62/64 MP: 8/8
  3751 | D:5      | Reached skill level 5 in Maces & Flails
  4264 | D:5      | Found a staircase to the Ecumenical Temple.
  4291 | Temple   | Entered the Ecumenical Temple
  4372 | Temple   | Became a worshipper of Gozag Ym Sagoz the Greedy
  4508 | D:5      | Found a large runed translucent door.
  4510 | D:5      | Found a large runed translucent door.
  4841 | D:5      | Found a glowing silver altar of Zin.
  4851 | D:5      | Found a shimmering blue altar of Sif Muna.
  4915 | D:6      | Noticed Duvessa
  4915 | D:6      | Noticed Dowan
  4919 | D:6      | Killed Dowan
  4923 | D:6      | Killed Duvessa
  4985 | D:6      | Reached XP level 9. HP: 72/72 MP: 9/9
  6465 | D:7      | Identified the +10 dagger "Ziuph" {drain, *Rage rC++ rN+
                  | rCorr}
  6684 | D:7      | Noticed a hornet
  6702 | D:7      | Killed a hornet
  6703 | D:7      | Reached skill level 1 in Dodging
  6703 | D:7      | Reached XP level 10. HP: 72/82 MP: 10/10
  7107 | D:7      | Noticed a cyan ugly thing
  7113 | D:7      | Killed a cyan ugly thing
  7114 | D:7      | Reached skill level 5 in Evocations
  7732 | D:8      | Noticed Psyche
  7739 | D:8      | Killed Psyche
  7820 | D:8      | Found a hazy altar of Hepliaklqana.
  7823 | D:8      | Found a blossoming altar of Fedhas.
  7823 | D:8      | Found a stormy altar of Qazlal.
  7870 | D:8      | Noticed Joseph
  7886 | D:8      | Killed Joseph
  8053 | D:8      | Found an iron altar of Okawaru.
  8523 | D:8      | Found a burning altar of Makhleb.
  8627 | D:8      | Noticed Maurice
  8658 | D:8      | Killed Maurice
  9435 | D:9      | Reached XP level 11. HP: 87/88 MP: 11/11
 10023 | D:9      | Reached skill level 10 in Fighting
 10023 | D:9      | Reached skill level 10 in Armour
 10943 | D:10     | Entered Level 10 of the Dungeon
 10948 | D:10     | Noticed xian's ghost (journeyman DsWn)
 11024 | D:10     | Found a runed translucent gate.
 11025 | D:10     | Found a runed translucent gate.
 11026 | D:10     | Found a runed translucent gate.
 11073 | D:10     | Noticed a two-headed ogre
 11088 | D:10     | Killed a two-headed ogre
 11552 | D:10     | Found a staircase to the Lair.
 11776 | D:11     | Noticed a red ugly thing
 11785 | D:11     | Killed a red ugly thing
 11907 | D:11     | Noticed Grum
 11922 | D:11     | Killed Grum
 12319 | D:11     | Noticed a two-headed ogre
 12327 | D:11     | Killed a two-headed ogre
 12510 | D:11     | Reached XP level 12. HP: 99/99 MP: 12/12
 12576 | D:11     | Found a transporter.
 12749 | D:11     | Found Zastohes's Distillery.
 12756 | D:11     | Bought a potion of might for 60 gold pieces
 12756 | D:11     | Bought a potion of brilliance for 60 gold pieces
 12756 | D:11     | Bought a potion of mutation for 120 gold pieces
 12756 | D:11     | Bought a potion of mutation for 120 gold pieces
 12756 | D:11     | Bought a potion of resistance for 150 gold pieces
 12819 | D:11     | Found a transporter.
 12924 | D:11     | Found a staircase to the Orcish Mines.
 12960 | D:12     | Noticed a six-headed hydra
 12970 | D:12     | Killed a six-headed hydra
 12971 | D:12     | Reached skill level 10 in Maces & Flails
 13262 | D:12     | Noticed a boulder beetle
 13279 | D:12     | Killed a boulder beetle
 14054 | D:12     | Noticed a six-headed hydra
 14063 | D:12     | Killed a six-headed hydra
 14191 | D:12     | Reached skill level 5 in Dodging
 14525 | D:12     | Noticed a tengu warrior
 14535 | D:12     | Killed a tengu warrior
 14678 | D:12     | Identified the +4 spear "Fish" {freeze, Will+ rCorr}
 14713 | D:12     | Reached XP level 13. HP: 108/108 MP: 13/13
 15309 | D:12     | Noticed a boulder beetle
 15321 | D:12     | Killed a boulder beetle
 15691 | D:10     | Killed xian's ghost
 15867 | D:10     | Identified the ring "Xuushrone" {rPois SInv}
 15988 | Lair:1   | Entered Level 1 of the Lair of Beasts
 16151 | Lair:1   | Noticed Gastronok
 16183 | Lair:1   | Killed Gastronok
 17874 | Lair:1   | Identified a scroll of acquirement
 17874 | Lair:1   | Acquired a manual of Translocations
 18228 | D:2      | Bought a glowing plate armour for 650 gold pieces
 18986 | Lair:2   | Reached XP level 14. HP: 80/118 MP: 14/14
 19163 | Lair:2   | Noticed a dire elephant
 19180 | Lair:2   | Killed a dire elephant
 19301 | Lair:2   | Found a hole to the Spider Nest.
 22215 | Lair:3   | Found a staircase to the Swamp.
 22776 | Lair:4   | Found a viscous altar of Jiyva.
 23410 | Lair:4   | Reached XP level 15. HP: 90/127 MP: 15/15
 24004 | Lair:4   | Found a staircase to the Slime Pits.
 24173 | Lair:5   | Entered Level 5 of the Lair of Beasts
 25312 | Lair:5   | Reached skill level 10 in Evocations
 25735 | Lair:5   | Noticed Rupert
 25739 | Lair:5   | Reached skill level 15 in Fighting
 25739 | Lair:5   | Reached skill level 15 in Armour
 25747 | Lair:5   | Slain by Rupert

Illustrated notes

Levels and vault maps discovered:
D:1:      saegor_arrival_fortress, layout_loops_ring, minivault_23,
          kennysheep_minor_cross, minmay_tree_intersection
D:2:      layout_basic, serial_shops, nicolae_shop_overgrown_old_shop,
          hellmonk_ecumenical_altar_run_dry, kennysheep_cross_room,
          nrook_mini_vaults
D:3:      layout_basic
D:4:      cheibrodos_pilgrimage, layout_cave_pools,
          mainiacjoe_overflow_24_doors, uniq_edmund
D:5:      layout_rooms, jmf_multi_god_temple2, minmay_temple_entry_offerings,
          minmay_liquid_box, kennysheep_path_1
D:6:      layout_basic, serial_corexii_hall, corexii_hall_statues_u,
          corexii_hall_statues_x, chequers_hall_statues_wall_a, uniq_duvessa
D:7:      minmay_octagon_keep, layout_rooms, minmay_three_doors
D:8:      layout_basic, mainiacjoe_overflow_concentric_impassable,
          nicolae_overflow_quartered_altars, uniq_joseph, uniq_psyche,
          uniq_maurice
D:9:      layout_long_grid, minivault_7
D:10:     layout_basic, grunt_lair_entry_orc_guard_hut, gammafunk_ghost_split
D:11:     layout_loops_ring, orc_0_dummy, serial_shops,
          nicolae_shop_advertising_works [nicolae_subvault_shop_adworks],
          st_stairs_12, nicolae_diode_stairs, uniq_grum
D:12:     minmay_slanted_spiral_squares, layout_loops_ring,
          chequers_serial_rivers_marsh
Temple:   nicolae_temple_great_sept
Lair:1:   layout_layer_cave, uniq_gastronok
Lair:2:   mu_elephants_graveyard, layout_layer_cave,
          hellmonk_spider_entry_not_the_bees
Lair:3:   layout_cave_pods, minmay_swamp_entry_reptiles, evilmike_ambush
          [evilmike_ambush_outer_pillars, evilmike_ambush_inner_pond],
          grunt_megastairs_1
Lair:4:   layout_big_grid, minmay_slime_entry_oklob_open
Lair:5:   grunt_lair_end_beastmaster, layout_regular_city, st_stairs_10,
          dpeg_oklob_1, uniq_rupert

Skill      XL: |  1  2  3  4  5  6  7  8  9 10 11 12 13 14 15 |
---------------+----------------------------------------------+-----
Fighting       | 4 5 6 7 8 9 10 12 13 14 15 | 15.0
Armour         | 4 5 6 7 8 9 11 12 13 14 15 | 15.0
Maces & Flails | 3 4 5 7 8 9 10 12 13 | 13.6
Evocations     | 1 2 3 4 5 6 7 8 9 10 | 10.1
Dodging        | 1 2 4 5 6 7 |  7.4
Shields        | |  4.0

Action                   |  1- 3 |  4- 6 |  7- 9 | 10-12 | 13-15 || total
-------------------------+-------+-------+-------+-------+-------++-------
Melee: Flail             |    73 |   126 |   180 |       |       ||   379
       Dire flail        |       |       |    78 |   126 |       ||   204
       Morningstar       |       |       |       |   361 |   912 ||  1273
Throw: Throwing net      |       |       |       |     1 |       ||     1
 Abil: Dig               |       |       |     7 |       |     5 ||    12
Evoke: Wand              |       |     4 |     8 |    11 |     6 ||    29
       Condenser vane    |       |       |       |     1 |     1 ||     2
  Use: Potion            |       |     1 |       |       |     2 ||     3
       Scroll            |       |       |     7 |     6 |     6 ||    19
 Stab: Distracted        |       |       |     1 |     3 |     4 ||     8
       Confused          |       |       |       |       |     3 ||     3
       Petrified         |       |       |       |       |     2 ||     2
Armor: Scale mail        |    42 |    73 |    82 |       |       ||   197
       Chain mail        |       |       |    42 |   264 |   117 ||   423
       Plate armour      |       |       |       |       |   453 ||   453
Dodge: Dodged            |    29 |    68 |   112 |   194 |   352 ||   755
Block: Buckler           |    27 |    31 |    58 |   107 |   191 ||   414
